 Dungeon Crawl Stone Soup version 0.29-a0-1027-gcd8c55af63 (webtiles) character file.

Game seed: 7717478038919090646

1092 greenreed the Basher (level 8, -1/70 HPs)
             Began as a Minotaur Monk on Aug 12, 2022.
             Was a Believer of Makhleb.
             Killed by divine providence
             ... invoked by an orc priest
              (14 damage)
             ... on level 4 of the Dungeon.
             The game lasted 00:11:47 (4910 turns).

greenreed the Basher (Minotaur Monk)                Turns: 4910, Time: 00:11:47

Health: -1/70      AC: 11    Str: 18    XL:     8   Next: 9%
Magic:  8/8        EV:  8    Int:  7    God:    Makhleb [**....]
Gold:   242        SH:  0    Dex: 13    Spells: 7/7 levels left

rFire   . . .      SeeInvis .   A - +1 flail (venom)
rCold   . . .      Faith    .   (no shield)
rNeg    . . .      Spirit   .   j - +0 chain mail
rPois   +          Reflect  .   (helmet restricted)
rElec   .          Harm     .   (no cloak)
rCorr   .          Rampage  .   b - +1 pair of gloves
Will    .....                   (no boots)
Stlth   ..........              (no amulet)
HPRegen 0.21/turn               s - ring of poison resistance
MPRegen 0.11/turn               (no ring)

@: no status effects
A: horns 2, retaliatory headbutt
a: Renounce Religion, Minor Destruction


You were on level 4 of the Dungeon.
You worshipped Makhleb.
Makhleb was pleased with you.
You visited 1 branch of the dungeon, and saw 4 of its levels.
You also visited: Sewer.

You collected 242 gold pieces.

Inventory:

Hand Weapons
 a - a +0 mace
 l - a +0 flail
 A - a +1 flail of venom (weapon)
 B - a +1 dire flail of venom
Missiles
 h - 16 poisoned darts
 t - 2 curare-tipped darts
Armour
 b - a +1 pair of gloves (worn)
 j - a +0 chain mail (worn)
Jewellery
 s - a ring of poison resistance (left hand)
Scrolls
 c - a scroll of summoning {unknown}
 d - 2 scrolls of enchant weapon
 f - 2 scrolls of teleportation
 k - 2 scrolls of blinking
 m - 2 scrolls of noise
 n - a scroll of immolation {unknown}
 o - a scroll of fear {unknown}
 q - 2 scrolls of fog {unknown}
 x - a scroll of magic mapping {unknown}
 y - a scroll of poison {unknown}
 z - a scroll of vulnerability {unknown}
Potions
 e - 2 potions of curing {unknown}
 g - a potion of mutation {unknown}
 i - 6 potions of might
 p - 2 potions of attraction {unknown}
 r - a potion of lignification {unknown}
 u - a potion of invisibility {unknown}
 v - a potion of magic {unknown}
 w - a potion of brilliance {unknown}
 C - a potion of flight {unknown}


   Skills:
 + Level 5.7 Fighting
 + Level 8.3 Maces & Flails
 + Level 4.3 Armour
 + Level 4.5 Dodging
 + Level 3.1 Stealth
 * Level 1.9 Invocations


You had 7 spell levels left.
You didn't know any spells.
Your spell library was empty.

Dungeon Overview and Level Annotations

Branches:
Dungeon (4/15)              Sewer (visited)
 Temple: D:4-7

Altars:
Kikubaaqudgha
Makhleb
Uskayaw

Annotations:
D:4 2 transporters


Innate Abilities, Weirdness & Mutations

You have a pair of horns on your head.
You reflexively headbutt those who attack you in melee.


Message History

Makhleb accepts your kill.
You feel better.
The orc priest looks satisfied for a moment.
The glob of acid hits the orc wizard!
The orc wizard seems to be corroded for longer.
The orc wizard is almost dead.
The orc priest calls upon Beogh to heal the orc wizard.
The orc wizard is healed somewhat.
The orc wizard points at you and mumbles some strange words.
You are confused.
The orc wizard casts a spell at you. The puff of flame hits you!
The orc priest looks encouraged for a moment.
You bump into the rock wall.
The orc priest invokes the aid of Beogh against you.
Beogh smites you!
* * * LOW HITPOINT WARNING * * *
You're too confused to move!
The orc wizard attacks as you move away!
The orc wizard hits you but does no damage.
The orc priest invokes the aid of Beogh against you.
Pain shoots through your body!
* * * LOW HITPOINT WARNING * * *
You feel less confused.
The orc wizard attacks as you move away!
The orc wizard hits you but does no damage.
The orc wizard points at you and mumbles some strange words.
You resist with some effort.
The orc priest begins to cast a cantrip, but forgets the words!
The orc wizard gestures at you while chanting.
You are confused.
You bump into the rock wall.
The orc wizard casts a spell at you. The puff of flame hits you.
* * * LOW HITPOINT WARNING * * *
You bump into the rock wall.
You feel less confused.
The orc priest invokes the aid of Beogh against you.
Beogh smites you!
You die...

########. #.
#. ##
##########
###.......##
#...........
####
##........(.
#@.#
#..........
##..#
#..........
#...##
#..........
##.oo.#
#..........
#.....#
#......)...
#...o.#
##.....)...
#####....##
#.........
#..##.....#
#.......##
#.........##
##.o...##


You could see 2 orc priests and an orc wizard (corroded).

Vanquished Creatures
  Grinder (Sewer)
  Sigmund (D:2)
  Edmund (D:4)
  An ogre (D:3)
  2 kobold brigands (Sewer)
  A necrophage (Sewer)
  A hound (D:4)
  An orc priest (D:4)
  Jessica (D:3)
  An iguana (D:4)
  4 gnolls (D:2)
  4 adders
  2 shadow imps (Sewer)
  4 ufetubi (Sewer)
  2 worms
  3 dart slugs
  10 orcs
  5 bats
  8 endoplasms
  3 giant cockroaches
  9 goblins
  7 hobgoblins
  4 jackals (D:4)
  19 kobolds
  4 quokkas
  13 ball pythons
  A frilled lizard (D:2)
  A kobold zombie (Sewer)
  5 rats
119 creatures vanquished.

Notes
Turn   | Place    | Note
-------+----------+-------------------------------------------
     0 | D:1      | greenreed the Minotaur Monk began the quest for the Orb.
     0 | D:1      | Reached XP level 1. HP: 19/19 MP: 0/0
   167 | D:1      | Reached XP level 2. HP: 27/27 MP: 1/1
   409 | D:1      | Reached skill level 4 in Maces & Flails
   781 | D:1      | Reached XP level 3. HP: 33/33 MP: 2/2
  1065 | D:2      | Noticed Sigmund
  1089 | D:2      | Killed Sigmund
  1090 | D:2      | Reached skill level 5 in Maces & Flails
  1090 | D:2      | Reached XP level 4. HP: 9/41 MP: 3/3
  1090 | D:2      | Reached XP level 5. HP: 10/47 MP: 4/4
  1661 | D:2      | Reached skill level 1 in Armour
  1837 | D:2      | Reached XP level 6. HP: 51/53 MP: 5/5
  2036 | D:2      | Found a faded altar of an unknown god.
  2403 | D:3      | Reached skill level 6 in Maces & Flails
  2629 | D:3      | Noticed Jessica
  2639 | D:3      | Killed Jessica
  2803 | D:3      | Found a glowing drain.
  2808 | Sewer    | Entered a sewer
  2959 | Sewer    | Found an ancient bone altar of Kikubaaqudgha.
  2987 | Sewer    | Reached skill level 5 in Fighting
  3024 | Sewer    | Reached skill level 7 in Maces & Flails
  3024 | Sewer    | Reached XP level 7. HP: 51/61 MP: 6/6
  3304 | Sewer    | Noticed Grinder
  3330 | Sewer    | Paralysed by Grinder for 5 turns
  3344 | Sewer    | Paralysed by Grinder for 2 turns
  3353 | Sewer    | Killed Grinder
  3583 | D:3      | Found a burning altar of Makhleb.
  3591 | D:3      | Became a worshipper of Makhleb the Destroyer
  3591 | D:3      | Reached * piety under Makhleb
  3591 | D:3      | Reached ** piety under Makhleb
  3825 | D:4      | Reached skill level 8 in Maces & Flails
  3953 | D:4      | Noticed Edmund
  3964 | D:4      | Killed Edmund
  3965 | D:4      | Reached skill level 1 in Invocations
  3965 | D:4      | Reached XP level 8. HP: 21/70 MP: 6/8
  4704 | D:4      | Found a transporter.
  4707 | D:4      | Found an ancient bone altar of Kikubaaqudgha.
  4708 | D:4      | Found a transporter.
  4709 | D:4      | Found a hide-covered altar of Uskayaw.
  4910 | D:4      | Killed from afar by an orc priest

Illustrated notes

Levels and vault maps discovered:
D:1:      psy_arrival_statuary, layout_loops_corners
D:2:      layout_loops_ring, hellmonk_ecumenical_altar_heavens_door,
          chequers_serial_rivers_micro_a, minivault_24, nicolae_eternal_life,
          hangedman_decor_lopped, uniq_sigmund
D:3:      layout_basic, lemuel_crystal_altar, portal_sewer_entry_e, uniq_jessica
D:4:      layout_cave_pods, gammafunk_temple_overflow_arena, uniq_edmund

Skill      XL: |  1  2  3  4  5  6  7 |
---------------+----------------------+-----
Fighting       | 4 5 |  5.7
Maces & Flails | 4 5 7 8 |  8.3
Dodging        | 4 |  4.5
Stealth        | 2 3 |  3.1
Armour         | 1 3 4 |  4.3
Invocations    | 1 |  1.9

Action                   |  1- 3 |  4- 6 |  7- 9 || total
-------------------------+-------+-------+-------++-------
Melee: Mace              |    59 |     3 |       ||    62
       Headbutt          |     8 |    29 |    16 ||    53
       Punch             |     1 |     1 |     1 ||     3
       Flail             |       |   134 |    77 ||   211
Invok: Minor Destruction |       |       |    16 ||    16
  Use: Potion            |     1 |       |       ||     1
       Scroll            |       |       |     5 ||     5
 Stab: Sleeping          |     7 |       |       ||     7
Armor: Robe              |     3 |       |       ||     3
       Chain mail        |     5 |    95 |    65 ||   165
Dodge: Dodged            |    26 |    61 |    32 ||   119

Table legend: (Time is in decaauts)
 A = Elapsed time spent in this place.
 B = Non-inter-level travel time spent in this place.
 C = Inter-level travel time spent in this place.
 D = Time resting spent in this place.
 E = Time spent auto-exploring this place.
 F = Levels seen in this place.
 G = Mean time per level.
                   A        B        C        D        E       F      G
               +--------+--------+--------+--------+--------+-----+--------+
         Total |   4947 |   4709 |    238 |    795 |   2912 |   5 |  989.4 |
       Dungeon |   4237 |   3999 |    238 |    580 |   2715 |   4 | 1059.2 |
         Sewer |    710 |    710 |      0 |    215 |    197 |   1 |  710.0 |
               +--------+--------+--------+--------+--------+-----+--------+

Top non-repeatable levels by time:
     D:2: 1375 daAuts
     D:3: 1112 daAuts
     D:1: 968 daAuts
     D:4: 781 daAuts
   Sewer: 710 daAuts
